 Dungeon Crawl Stone Soup version 0.18.1-48-g4cf74bf (webtiles) character file.

1121 HEYYEYAAE the Chiller (level 8, -1/66 HPs)
             Began as a Green Draconian Ice Elementalist on Sept 1, 2016.
             Slain by a sky beast (6 damage)
             ... on level 6 of the Dungeon.
             The game lasted 00:08:17 (6159 turns).

HEYYEYAAE the Chiller (DrIE)                        Turns: 6159, Time: 00:08:18

Health: -1/66      AC:  6    Str: 10    XL:     8   Next: 12%
Magic:  15/15      EV: 13    Int: 18    God:
Gold:   469        SH:  0    Dex: 12    Spells: 1 memorised, 16 levels left

rFire  . . .     SeeInvis .     i - +2 hand axe (elec)
rCold  . . .     Gourm    .     (armour unavailable)
rNeg   + . .     Faith    .     (no shield)
rPois  +         Spirit   .     (helmet restricted)
rElec  .         Dismiss  .     (no cloak)
rCorr  .         Reflect  .     (no gloves)
SustAt +         Harm     +     (no boots)
MR     .....                    v - amulet of harm
Stlth  ++........               h - ring of positive energy
                                e - ring of sustain attributes

@: not resistant to hostile enchantments, unstealthy
A: breathe noxious fumes, unfitting armour, poison resistance, cold-blooded, AC
+6
a: Breathe Noxious Fumes


You were on level 6 of the Dungeon.
You were not hungry.

You visited 1 branch of the dungeon, and saw 6 of its levels.

You collected 469 gold pieces.

Inventory:

Hand Weapons
 i - a +2 hand axe of electrocution (weapon)
Jewellery
 e - a ring of sustain attributes (left hand)
 h - a ring of positive energy (right hand)
 u - an uncursed ring of positive energy
 v - an amulet of harm (around neck)
 x - an uncursed amulet of dismissal {unknown}
Scrolls
 b - 3 scrolls of teleportation
 c - a scroll of fog
 d - 5 scrolls of remove curse
 j - 2 scrolls of blinking
 n - 2 scrolls of random uselessness {unknown}
 q - a scroll of magic mapping
 s - a scroll of identify
 z - a scroll of enchant weapon {unknown}
Potions
 g - a potion of ambrosia
 k - a potion of curing
 l - a potion of cure mutation {unknown}
 m - a potion of beneficial mutation {unknown}
 o - 2 potions of flight {unknown}
 t - a potion of lignification {unknown}
Books
 a - a book of Frost

   Spells                             Type                      Level
   a - Freeze                         Ice                          1
   b - Throw Frost                    Conjuration/Ice              2
   c - Ozocubu's Armour               Charms/Ice                   3
   d - Throw Icicle                   Conjuration/Ice              4
   e - Summon Ice Beast               Ice/Summoning                4
 y - a book of Envenomations

   Spells                             Type                      Level
   a - Spider Form                    Transmutation/Poison         3
   b - Olgreb's Toxic Radiance        Poison                       4
   c - Alistair's Intoxication        Transmutation/Poison         5
   d - Poisonous Cloud                Conjuration/Poison/Air       6
Comestibles
 f - a meat ration
 p - 2 bread rations
 r - 6 fruits
 w - 4 chunks of flesh


   Skills:
 + Level 4.1 Fighting
 + Level 3.8 Dodging
 - Level 1.7 Stealth
 * Level 5.1 Spellcasting
   Level 1.0 Conjurations
 * Level 6.5 Ice Magic


You had 16 spell levels left.
You knew the following spells:

 Your Spells              Type           Power        Failure   Level  Hunger
a - Freeze                Ice            ####         1%          1    None


Dungeon Overview and Level Annotations

Branches:
Dungeon (6/15)
 Temple: D:4-7

Altars:
Kikubaaqudgha
Qazlal


Innate Abilities, Weirdness & Mutations

You can breathe blasts of noxious fumes.
Your lurid green scales are hard (AC +6).
Your body does not fit into most forms of armour.
Your system is resistant to poisons.
You are cold-blooded and may be slowed by cold attacks.


Message History

The sky beast flickers out of sight!
Deactivating autopickup; reactivate with Ctrl-A.
Something completely misses you.
You closely miss something. Something hits you. Something shocks you.
You closely miss something.
Something hits you but does no damage. x2
You barely miss something. You tail-slap something. Something hits you.
Something shocks you.
* * * LOW HITPOINT WARNING * * *
You barely miss something. Something hits you but does no damage.
You miss something. Something hits you.
* * * LOW HITPOINT WARNING * * *
Something shocks you.
* * * LOW HITPOINT WARNING * * *
You slash something!
Your tail-slap misses something.
Something hits you but does no damage.
A sky beast appears from thin air!
Reactivating autopickup.
The sky beast hits you.
* * * LOW HITPOINT WARNING * * *
The sky beast shocks you.
You die...

### ..# #.# .#
#.# ..#
####.####### ..#
#.......@Y.#
#.####.##.#####.#
##.....#.#.# #
#...###.###.#
#.....## #..
#...##.# ###
#.###...###.#.
.............#
######..######


You could see a sky beast.

Vanquished Creatures
  Edmund (D:5)
  A phantom (D:5)
  An ogre (D:5)
  The ghost of HEYYEYAAE the Chiller, an amateur DrIE (D:3)
  2 scorpions
  A water moccasin skeleton (D:5)
  2 howler monkeys
  3 crimson imps
  A hound (D:4)
  An orc priest (D:3)
  A centaur skeleton (D:5)
  2 giant frog skeletons
  2 worker ants
  2 hound skeletons
  A howler monkey zombie (D:6)
  A worker ant zombie (D:4)
  9 adders
  An ooze (D:4)
  An adder zombie (D:5)
  3 worms
  A dart slug (D:3)
  2 giant geckos (D:3)
  12 orcs
  6 ball pythons
  5 giant cockroaches
  4 goblins
  6 hobgoblins
  11 jackals
  9 kobolds
  4 quokkas
  10 bats
  A giant gecko skeleton (D:5)
  7 giant newts
  A jackal skeleton (D:4)
  A quokka zombie (D:5)
  4 rats
121 creatures vanquished.

Notes
Turn   | Place    | Note
--------------------------------------------------------------
     0 | D:1      | HEYYEYAAE the Draconian Ice Elementalist began the quest for the Orb.
     0 | D:1      | Reached XP level 1. HP: 14/14 MP: 3/3
   539 | D:1      | Reached XP level 2. HP: 10/20 MP: 5/5
  1280 | D:1      | Reached XP level 3. HP: 25/27 MP: 1/6
  1728 | D:2      | Found a stormy altar of Qazlal.
  1729 | D:2      | Noticed an air elemental
  1731 | D:2      | Noticed a water elemental
  1731 | D:2      | Noticed a fire elemental
  1731 | D:2      | Noticed an earth elemental
  2056 | D:2      | Reached skill level 1 in Fighting
  2107 | D:2      | Reached XP level 4. HP: 9/35 MP: 4/7
  2178 | D:3      | Noticed HEYYEYAAE's ghost (amateur DrIE)
  2554 | D:3      | Reached skill level 4 in Ice Magic
  3329 | D:3      | Reached XP level 5. HP: 32/41 MP: 3/9
  3494 | D:3      | Killed HEYYEYAAE's ghost
  4107 | D:4      | Reached XP level 6. HP: 45/50 MP: 11/11
  4573 | D:4      | Reached skill level 5 in Ice Magic
  4959 | D:4      | Found an ancient bone altar of Kikubaaqudgha.
  5034 | D:5      | Entered Level 5 of the Dungeon
  5041 | D:5      | Your scales start taking on a lurid green colour.
  5041 | D:5      | Reached XP level 7. HP: 47/57 MP: 13/13
  5041 | D:5      | Gained mutation: Your system is resistant to poisons. [Green Draconian growth]
  5569 | D:5      | Noticed Edmund
  5578 | D:5      | Killed Edmund
  5578 | D:5      | Reached skill level 6 in Ice Magic
  5757 | D:5      | Reached skill level 5 in Spellcasting
  5915 | D:5      | Reached XP level 8. HP: 66/66 MP: 15/15
  6159 | D:6      | Slain by a sky beast

Skill      XL: |  1  2  3  4  5  6  7 |
---------------+----------------------+-----
Dodging        | 2 3 |  3.8
Fighting       | 1 2 3 4 |  4.1
Ice Magic      | 4 5 6 |  6.5
Spellcasting   | 3 4 5 |  5.1
Stealth        | |  1.7
Conjurations   | |  1.0

Action                   |  1- 3 |  4- 6 |  7- 9 || total
-------------------------+-------+-------+-------++-------
Melee: Unarmed           |   135 |       |       ||   135
       Tailslap          |    12 |    20 |    15 ||    47
       Hand axe          |    45 |   122 |   127 ||   294
       Dagger            |       |    52 |       ||    52
 Cast: Freeze            |    31 |    47 |     1 ||    79
 Abil: Breathe Noxious F |       |       |     1 ||     1
  Use: Scroll            |     2 |     6 |     3 ||    11
       Potion            |       |     3 |     1 ||     4
 Stab: Sleeping          |     1 |     3 |     1 ||     5
  Eat: Chunk             |     2 |     3 |     2 ||     7
       Pizza             |     1 |     1 |       ||     2
       Bread ration      |       |     1 |       ||     1
       Beef jerky        |       |     1 |     1 ||     2
       Fruit             |       |     1 |       ||     1
Armor: Skin              |    92 |    79 |    43 ||   214
Dodge: Dodged            |   199 |   177 |    93 ||   469
